 Dungeon Crawl Stone Soup version 0.28.0 (webtiles) character file.

Game seed: 7553052591021874434

12516 Host24 the Sharpshooter (level 12, -8/72 HPs)
             Began as a Kobold Hunter on Feb 5, 2022.
             Was an Elder of Okawaru.
             Mangled by a freezing wraith (13 damage)
             ... on level 14 of the Dungeon.
             The game lasted 01:15:24 (20759 turns).

Host24 the Sharpshooter (Kobold Hunter)            Turns: 20759, Time: 01:15:25

Health: -8/72      AC: 12    Str: 11    XL:     12   Next: 21%
Magic:  10/17      EV: 19    Int: 12    God:    Okawaru [****..]
Gold:   472        SH:  0    Dex: 17    Spells: 11/11 levels left

rFire   . . .      SeeInvis .   s - +2 arbalest (flame)
rCold   . . .      Faith    .   (shield currently unavailable)
rNeg    . . .      Spirit   .   n - +3 ring mail
rPois   .          Reflect  .   (no helmet)
rElec   .          Harm     .   (no cloak)
rCorr   .          Rampage  .   L - +0 pair of gloves
Will    .....                   g - +0 pair of boots
Stlth   ++++......              (no amulet)
HPRegen 0.22/turn               (no ring)
MPRegen 0.15/turn               (no ring)

@: heroic, finesse-ful, studying Axes
A: small, no large weapons, nightstalker 3, clumsy 1
a: Renounce Religion, Heroism, Finesse


You were on level 14 of the Dungeon.
You worshipped Okawaru.
Okawaru was greatly pleased with you.
You visited 2 branches of the dungeon, and saw 13 of its levels.
You also visited: Ossuary.

You collected 716 gold pieces.
You spent 244 gold pieces at shops.

Inventory:

Hand Weapons
 a - a +1 war axe of venom
 s - a +2 arbalest of flaming (weapon)
 I - the +6 hand axe "Teenusm" {freeze, Will- Int+6 Dex+3}
   (You bought it in a shop on level 6 of the Dungeon)

   It freezes those it strikes, dealing additional cold damage.
   It can also slow down cold-blooded creatures.
   Int:       It affects your intelligence (+6).
   Dex:       It affects your dexterity (+3).
   Will:      It decreases your willpower.
 Q - the +11 dagger "Grim Tooth" {flame, Fly Int+4}
   (You found it on level 11 of the Dungeon)

   It burns those it strikes, dealing additional fire damage.
   Int:       It affects your intelligence (+4).
   Fly:       It grants you flight.
Missiles
 c - 195 arrows
 d - 61 bolts (quivered ammo)
 j - 470 stones
 t - 2 large rocks
 x - 6 boomerangs
 y - 45 sling bullets
 C - 13 poisoned darts
 O - a curare-tipped dart
Armour
 g - a +0 pair of boots (worn)
 n - a +3 ring mail (worn)
 w - a +2 robe of cold resistance
 H - a +0 leather armour of fire resistance
 L - a +0 pair of gloves (worn)
Jewellery
 N - a +4 ring of evasion
Wands
 o - a wand of iceblast (2)
 r - a wand of flame (36)
 K - a wand of polymorph (15)
Scrolls
 i - a scroll of summoning
 k - a scroll of amnesia
 m - a scroll of brand weapon
 q - 2 scrolls of vulnerability
 u - a scroll of immolation
 A - 3 scrolls of enchant armour
 D - a scroll of fog
 E - a scroll of magic mapping
 J - 4 scrolls of identify
 M - a scroll of torment
Potions
 b - a potion of attraction {unknown}
 e - 5 potions of ambrosia
 h - 3 potions of magic
 p - 3 potions of mutation
 v - 2 potions of cancellation
 z - a potion of flight
 B - 4 potions of might
 F - 2 potions of brilliance
 G - 2 potions of haste


   Skills:
 + Level 7.1(12.1) Fighting
 - Level 18.0(23.0) Crossbows
 - Level 4.0(9.0) Armour
 - Level 6.0(11.0) Dodging
 - Level 1.3(6.3) Stealth
 - Level 7.0 Invocations


You had 11 spell levels left.
You didn't know any spells.
Your spell library contained the following spells:

 Spells                   Type           Power      Damage    Failure   Level
 Slow                     Hex            0%         N/A       56%         1
 Sting                    Tmut/Pois      0%         1d3       56%         1
 Ensorcelled Hibernation  Hex/Ice        0%         N/A       71%         2
 Poisonous Vapours        Pois/Air       0%         N/A       71%         2
 Confusing Touch          Hex            0%         N/A       90%         3
 Conjure Flame            Conj/Fire      0%         6-21      90%         3
 Dazzling Flash           Conj/Hex       0%         N/A       90%         3
 Gell's Gravitas          Tloc           0%         N/A       90%         3
 Ignite Poison            Fire/Tmut/Pois 0%         N/A       90%         3
 Lesser Beckoning         Tloc           0%         N/A       90%         3
 Spider Form              Tmut/Pois      0%         N/A       90%         3
 Teleport Other           Tloc           0%         N/A       90%         3
 Vampiric Draining        Necr           0%         2d6       90%         3
 Airstrike                Air            0%         N/A       100%        4
 Anguish                  Hex/Necr       0%         N/A       100%        4
 Iskenderun's Mystic Bla  Conj/Tloc      0%         2d3       100%        4
 Olgreb's Toxic Radiance  Pois           0%         N/A       100%        4
 Sticky Flame             Conj/Fire      0%         2d3       100%        4
 Lightning Bolt           Conj/Air       0%         1d11      100%        5
 Starburst                Conj/Fire      0%         6d3       100%        6
 Summon Small Mammal      Summ           Unusable   N/A       N/A         1
 Call Canine Familiar     Summ           Unusable   N/A       N/A         3
 Summon Guardian Golem    Hex/Summ       Unusable   N/A       N/A         3
 Animate Dead             Necr           Unusable   N/A       N/A         4
 Summon Lightning Spire   Summ/Air       Unusable   N/A       N/A         4
 Haunt                    Necr/Summ      Unusable   N/A       N/A         7
 Infestation              Necr           Unusable   N/A       N/A         8

Dungeon Overview and Level Annotations

Branches:
Dungeon (11/15)            Temple (1/1) D:7            Lair (0/6) D:11
    Orc (0/2) D:11        Ossuary (visited)

Altars:
Ashenzari
Cheibriados
Dithmenos
Elyvilon
Fedhas
Gozag
Hepliaklqana
Kikubaaqudgha
Makhleb
Nemelex Xobeh
Okawaru
Qazlal
Ru
Sif Muna
Trog
Uskayaw
Vehumet
Wu Jian
Xom
Yredelemnul
Zin
The Shining One

Shops:
D:1 (   D:6 *=(*[   D:9 !

Annotations:
D:3 Grinder
D:4 3 runed translucent doors, Eustachio


Innate Abilities, Weirdness & Mutations

You are small and have problems with some larger weapons.
You are completely attuned to the shadows.
You are clumsy. (Dex -2)


Message History

You can no longer enter into single combat with a foe.
Okawaru will no longer gift you equipment.
The freezing wraith hits you. The freezing wraith freezes you!
* * * LOW HITPOINT WARNING * * *
The freezing wraith barely misses you.
Fire: 65 bolts
Press: ? - help, Q - select action, (/) - cycle Shift-Dir - straight line, f - manticore, p - freezing wraith
Aim: a manticore (82% to hit)
You shoot a bolt. The bolt hits the manticore!!
The bolt burns the manticore.
The manticore is heavily wounded.
The manticore barely misses you. The manticore closely misses you.
The manticore barely misses you.
Fire: 64 bolts
Press: ? - help, Q - select action, (/) - cycle Shift-Dir - straight line, f/p - manticore
Aim: a manticore (heavily wounded, 82% to hit)
You shoot a bolt.
The bolt hits the manticore but does no damage.
The manticore is heavily wounded.
The freezing wraith closely misses you.
The freezing wraith hits you but does no damage.
Fire: 63 bolts
Press: ? - help, Q - select action, (/) - cycle Shift-Dir - straight line, f/p - manticore
Aim: a manticore (heavily wounded, 82% to hit)
You shoot a bolt.
The bolt completely misses the manticore.
The manticore closely misses you.
The manticore claws you but does no damage.
The manticore barely misses you.
Fire: 62 bolts
Press: ? - help, Q - select action, (/) - cycle Shift-Dir - straight line, f/p - manticore
Aim: a manticore (heavily wounded, 82% to hit)
You shoot a bolt. The bolt hits the manticore!!
The bolt burns the manticore!
You kill the manticore!
Okawaru accepts your kill. Okawaru grants you ammunition!
Something appears at your feet! The freezing wraith hits you!
* * * LOW HITPOINT WARNING * * *
The freezing wraith freezes you!
You die...

########
#..((W.#
#.####@#
# #(#
...
.#.##
...(#


You could see a freezing wraith.

Vanquished Creatures
  A two-headed ogre (D:10)
  A deep elf pyromancer (D:14)
  A cyclops (D:11)
  2 manticores
  A gargoyle (D:10)
  A komodo dragon (D:11)
  2 trolls
  Prince Ribbit (D:6)
  A shadow (D:9)
  21 yaks
  Sigmund (D:6)
  A wyvern (D:10)
  Grum (D:8)
  2 vampire mosquitoes (D:11)
  2 steam dragons
  Menkaure (D:7)
  2 wargs (D:11)
  7 orc warriors
  An ice beast (D:8)
  A sky beast (D:5)
  A black bear (D:7)
  2 necrophages (D:6)
  An ogre (D:5)
  2 wolves (D:8)
  5 centaurs
  A phantom (D:6)
  Blork the orc (D:6)
  2 kobold brigands
  A bullfrog (D:6)
  2 scorpions (D:5)
  4 wyvern skeletons
  A water moccasin skeleton (D:5)
  10 killer bees
  7 howler monkeys
  5 wights (D:8)
  A bullfrog zombie (D:7)
  4 centaur zombies
  A gnoll shaman (D:3)
  2 hounds
  2 human zombies (Ossuary)
  12 orc priests
  2 jellies
  A bullfrog skeleton (D:5)
  5 iguanas
  Natasha (thrice) (D:2)
  14 orc wizards
  2 killer bee zombies
  4 mummies (Ossuary)
  5 adders
  11 gnolls
  A howler monkey skeleton (D:7)
  2 shadow imps
  An ufetubus (D:5)
  2 dart slugs (D:2)
  50 orcs
  11 bats
  4 endoplasms
  3 giant cockroaches
  A gnoll zombie (Ossuary)
  10 goblins
  10 hobgoblins
  15 kobolds
  3 quokkas
  9 ball pythons
  2 frilled lizards
  A goblin zombie (Ossuary)
  A hobgoblin zombie (Ossuary)
  A kobold zombie (Ossuary)
  An orc zombie (Ossuary)
  6 rats
299 creatures vanquished.

Vanquished Creatures (others)
  15 plants (D:11)
15 creatures vanquished.

Grand Total: 314 creatures vanquished

Notes
Turn   | Place    | Note
-------+----------+-------------------------------------------
     0 | D:1      | Host24 the Kobold Hunter began the quest for the Orb.
     0 | D:1      | Reached XP level 1. HP: 12/12 MP: 1/1
    27 | D:1      | Reached skill level 5 in Crossbows
    47 | D:1      | Reached XP level 2. HP: 12/18 MP: 2/2
   354 | D:1      | Found Nutosalaph's Weapon Emporium.
   521 | D:1      | Reached XP level 3. HP: 20/23 MP: 3/3
  1520 | D:1      | Bought 13 bolts for 28 gold pieces
  1673 | D:2      | Reached XP level 4. HP: 28/28 MP: 4/4
  1788 | D:2      | Found a hazy altar of Hepliaklqana.
  2257 | D:2      | Found a faded altar of an unknown god.
  2340 | D:2      | Noticed Natasha
  2347 | D:2      | Killed Natasha
  2631 | D:2      | Noticed Natasha
  2636 | D:2      | Killed Natasha
  2637 | D:2      | Reached XP level 5. HP: 32/32 MP: 5/5
  2709 | D:2      | Noticed Natasha
  2720 | D:2      | Killed Natasha
  2721 | D:2      | Reached skill level 5 in Dodging
  2903 | D:2      | Reached XP level 6. HP: 20/37 MP: 6/6
  2937 | D:3      | Noticed Grinder
  3050 | D:3      | Reached skill level 6 in Crossbows
  4223 | D:3      | Paralysed by Grinder for 7 turns
  4236 | D:3      | Paralysed by Grinder for 7 turns
  4249 | D:3      | Gained mutation: You are clumsy. (Dex -2) [potion of
                  | mutation]
  4549 | D:4      | Noticed Eustachio
  4925 | D:4      | Found a glowing silver altar of Zin.
  4989 | D:4      | Found a runed translucent gate.
  4989 | D:4      | Found a runed translucent gate.
  4989 | D:4      | Found a runed translucent gate.
  5777 | D:5      | Entered Level 5 of the Dungeon
  5943 | D:5      | Reached skill level 7 in Crossbows
  5943 | D:5      | Reached XP level 7. HP: 39/43 MP: 7/7
  6691 | D:5      | Reached skill level 8 in Crossbows
  7058 | D:5      | Reached skill level 9 in Crossbows
  7073 | D:5      | Reached XP level 8. HP: 29/48 MP: 8/8
  7551 | D:5      | Reached skill level 10 in Crossbows
  7828 | D:6      | Reached skill level 1 in Armour
  7844 | D:6      | Found Ufroant's Assorted Antiques.
  7848 | D:6      | Noticed Blork the orc
  7873 | D:6      | Found Gaos's Jewellery Boutique.
  7892 | D:6      | Found Dantat's Weapon Shop.
  8004 | D:6      | Noticed Prince Ribbit
  8083 | D:6      | HP: 3/72 [Prince Ribbit (8)]
  8084 | D:6      | Killed Prince Ribbit
  8085 | D:6      | Reached skill level 5 in Fighting
  8145 | D:6      | Found Firov's Antique Armour Emporium.
  8242 | D:6      | Reached XP level 9. HP: 22/55 MP: 9/9
  8319 | D:6      | Found Ceofoun's Assorted Antiques.
  8326 | D:6      | Found a sand-covered staircase.
  8332 | Ossuary  | Entered an ossuary
  8853 | D:6      | Reached skill level 11 in Crossbows
  8986 | D:6      | Noticed Sigmund
  9015 | D:6      | Killed Sigmund
  9260 | D:6      | Found a shimmering altar of Xom.
  9482 | D:6      | Bought a bloodstained hand axe for 216 gold pieces
  9482 | D:6      | Identified the +6 hand axe "Teenusm" {freeze, Will- Int+6
                  | Dex+3} (You bought it in a shop on level 6 of the Dungeon)
  9514 | D:6      | Noticed a gargoyle
  9631 | D:5      | Reached skill level 12 in Crossbows
 10195 | D:6      | Killed Blork the orc
 10357 | D:6      | Reached skill level 13 in Crossbows
 10626 | D:7      | Found a sparkling altar of Nemelex Xobeh.
 11317 | D:7      | Reached XP level 10. HP: 54/60 MP: 10/10
 11458 | D:7      | Found a staircase to the Ecumenical Temple.
 11486 | Temple   | Entered the Ecumenical Temple
 11644 | Temple   | Became a worshipper of Warmaster Okawaru
 11695 | D:7      | Noticed Menkaure
 11700 | D:7      | Found an ancient bone altar of Kikubaaqudgha.
 12045 | D:7      | Reached skill level 14 in Crossbows
 12250 | D:7      | Killed Menkaure
 12348 | D:8      | Found a shadowy altar of Dithmenos.
 12348 | D:8      | Found a shimmering blue altar of Sif Muna.
 12355 | D:8      | Found a glowing golden altar of the Shining One.
 12359 | D:8      | Found a burning altar of Makhleb.
 12369 | D:8      | Found a blossoming altar of Fedhas.
 12373 | D:8      | Found a snail-covered altar of Cheibriados.
 12627 | D:8      | Reached skill level 1 in Invocations
 12792 | D:8      | Noticed Grum
 13168 | D:8      | Found a radiant altar of Vehumet.
 13303 | D:8      | Found an ornate altar of the Wu Jian Council.
 13529 | D:8      | Killed Grum
 13529 | D:8      | Reached * piety under Okawaru
 13648 | D:8      | Reached skill level 5 in Invocations
 15222 | D:9      | Noticed an efreet
 15239 | D:8      | Reached ** piety under Okawaru
 16121 | D:9      | Reached skill level 15 in Crossbows
 16358 | D:8      | Reached XP level 11. HP: 24/64 MP: 15/15
 16586 | D:9      | Noticed a two-headed ogre
 17353 | D:9      | Reached *** piety under Okawaru
 17354 | D:9      | Reached skill level 16 in Crossbows
 17787 | D:9      | Found Zufial's Distillery.
 17886 | D:10     | Entered Level 10 of the Dungeon
 17914 | D:10     | Noticed a two-headed ogre
 18323 | D:10     | Received a gift from Okawaru
 18907 | D:10     | Reached skill level 17 in Crossbows
 18917 | D:10     | Received a gift from Okawaru
 18922 | D:10     | HP: 2/64 [yak (10)]
 19272 | D:10     | Killed a two-headed ogre
 19283 | D:10     | Reached **** piety under Okawaru
 19291 | D:10     | Received a gift from Okawaru
 19515 | D:11     | Identified the +11 dagger "Grim Tooth" {flame, Fly Int+4}
 19566 | D:11     | Reached skill level 18 in Crossbows
 19753 | D:11     | Found a staircase to the Lair.
 19974 | D:11     | Reached XP level 12. HP: 61/70 MP: 17/17
 20241 | D:11     | Found a staircase to the Orcish Mines.
 20612 | D:11     | You fall into a shaft and drop 3 floors!
 20630 | D:14     | Reached ***** piety under Okawaru
 20636 | D:14     | Noticed a tengu warrior
 20759 | D:14     | Received a gift from Okawaru
 20759 | D:14     | Mangled by a freezing wraith

Illustrated notes

Levels and vault maps discovered:
D:1:      tarquinn_simple_flora_water_f, layout_loops_ring, serial_shops,
          nicolae_shop_bloodbath_and_beyond, minmay_small_reverse_x
D:2:      layout_basic, basic_altar, basic_ecumenical_altar, uniq_natasha
D:3:      layout_loops_ring, chequers_serial_rivers_small_a, uniq_grinder
D:4:      layout_loops_corners, mainiacjoe_overflow_surrounded_room,
          gammafunk_ghost_necromancy, saegor_snake_ambush, uniq_eustachio
D:5:      layout_basic, roderic_roman_lattice
D:6:      layout_basic, mainiacjoe_overflow_24_doors,
          nicolae_ossuary_entry_ruins, serial_shops, nicolae_shop_statue_plus,
          shop_fountains, nicolae_shop_waterfront, shop, nicolae_shop_crystal,
          minivault_25, minmay_joined_circles, uniq_sigmund, uniq_blork_the_orc,
          uniq_prince_ribbit1
D:7:      layout_rooms, lemuel_tele_altar, mainiacjoe_overflow_cross_hatched,
          minmay_temple_entry_gardened_gates, uniq_menkaure
D:8:      layout_basic, minmay_overflow_temple_hex,
          mainiacjoe_overflow_large_starburst, minmay_misc_feat_iff, uniq_grum
D:9:      layout_big_octagon, serial_shops, kennysheep_mini_moat, hex_large
D:10:     layout_stronghold, chequers_decorated_corner
D:11:     layout_roguey, david_lair_shrubbed, erik_orc_4
D:14:     layout_loops_cross, ximxim_vaults_locker_room,
          infiniplex_staircase_spiral_double
Temple:   compressed_dpeg_circular_temple

Skill      XL: |  1  2  3  4  5  6  7  8  9 10 11 12 |
---------------+-------------------------------------+-----
Crossbows      | 5 7 9 10 13 15 18 | 18.0
Fighting       | 3 4 6 7 |  7.1
Dodging        | 3 4 5 6 |  6.0
Armour         | 1 3 4 |  4.0
Invocations    | 6 7 |  7.0
Stealth        | |  1.3

Action                   |  1- 3 |  4- 6 |  7- 9 | 10-12 || total
-------------------------+-------+-------+-------+-------++-------
Melee: Short sword       |   125 |    29 |       |       ||   154
       Dagger            |       |    90 |    65 |    48 ||   203
       Punch             |       |     1 |     3 |     6 ||    10
       Rapier            |       |       |   144 |   181 ||   325
       Hand crossbow     |       |       |     4 |       ||     4
       Hand axe          |       |       |    17 |    65 ||    82
       War axe           |       |       |       |    55 ||    55
 Fire: Hand crossbow     |       |    60 |   202 |   139 ||   401
       Arbalest          |       |       |       |   145 ||   145
Throw: Stone             |       |       |     1 |     1 ||     2
Invok: Heroism           |       |       |       |    10 ||    10
       Finesse           |       |       |       |     1 ||     1
  Use: Potion            |       |     6 |     6 |     8 ||    20
       Scroll            |       |     5 |     8 |     8 ||    21
 Stab: Sleeping          |    14 |     8 |     7 |     2 ||    31
Armor: Leather armour    |    25 |       |       |       ||    25
       Ring mail         |     1 |    58 |   139 |   255 ||   453
Dodge: Dodged            |    96 |   103 |   292 |   562 ||  1053
